[Event "Titled Tuesday Blitz February 01 A 2022"]
[White "Rustemov, Alexander"]
[Black "Demchenko, Anton"]
[WhiteFideId "4119002"]
[BlackFideId "4160258"]
[WhiteElo "2786"]
[BlackElo "2539"]
[Result "1-0"]
[Round "09"]
[TimeControl "180+1"]
[Date "2022.02.01"]
[WhiteClock "0:00:12"]
[BlackClock "0:00:08"]

1. d4 Nf6 2. c4 g6 3. Nf3 Bg7 4. g3 O-O 5. Bg2 d6 6. Nc3 Nbd7 7. O-O e5 8. e4 exd4 9. Nxd4 Nc5 10. h3 a5 11. Re1 Re8 12. b3 h6 13. Rb1 Bd7 14. Kh2 h5 15. Bg5 Ng4+ 16. hxg4 Qxg5 17. gxh5 Bg4 18. f3 Qxh5+ 19. Kg1 Be6 20. Qd2 a4 21. b4 Nd7 22. Nxe6 fxe6 23. f4 Nf6 24. Nb5 Re7 25. Qe2 Qh6 26. e5 dxe5 27. fxe5 Nh5 28. Qg4 Rf8 29. Rbd1 Rf5 30. Nd4 Rg5 31. Qe4 Nxg3 32. Qxb7 Rh5 33. Nf3 Rf7 34. Kf2 Nf5 35. Qc8+ Kh7 36. Qxe6 Qf4 37. Qxf7 Rh2 38. Qxf5 gxf5 39. Rh1 Rxh1 40. Rxh1+ Kg8 41. Rh4 Qc1 42. Rd4 Qb2+ 43. Rd2 Qxb4 44. e6 Qc5+ 45. Kf1 Bf6 46. Re2 Qxc4 47. Bh3 Qc1+ 48. Kf2 Qc5+ 49. Kg2 Be7 50. Kf1 Qc1+ 51. Kf2 Qc4 52. Kf1 Qd3 53. Kf2 Bc5+ 54. Kf1 Qd1+ 55. Ne1 Qd5 56. Bg2 Qd4 57. Nf3 Qa1+ 58. Ne1 Qc3 59. e7 Bxe7 60. Rxe7 Qc4+ 61. Re2 a3 62. Bf3 Kg7 63. Kf2 Qd4+ 64. Kf1 c5 65. Rc2 c4 66. Be2 c3 67. Nf3 Qe3 68. Ke1 f4 69. Kf1 Kf6 70. Ke1 Qc5 71. Kf1 Kf5 72. Ke1 Ke4 73. Kf1 Qb4 74. Bd1 Qb1 75. Ke2 Qb5+ 76. Ke1 Qb4 77. Ke2 Qc4+ 78. Ke1 Qc5 79. Ke2 Kf5 80. Ke1 Qc4 81. Kf2 Qc5+ 82. Ke1 Qb4 83. Ke2 Qc4+ 84. Ke1 Qc5 85. Ke2 Qb4 86. Ke1 Ke4 87. Ke2 Qc4+ 88. Ke1 Qc5 89. Ke2 Qe3+ 90. Kf1 Qd3+ 91. Ke1 Qc4 92. Kf2 Qc5+ 93. Ke1 Ke3 94. Re2+ Kd3 95. Bc2+ Kc4 96. Re4+ Kb5 97. Re5 Kb4 98. Rxc5 Kxc5 99. Ke2 Kc4 100. Kf2 Kd5 101. Kg2 Kc4 102. Kh3 Kd5 103. Kg4 Kc4 104. Kxf4 Kb4 105. Ke4 Kc4 106. Ke3 Kb4 107. Kd4 Kb5 108. Kxc3 Ka5 109. Kb3 1-0


[Site "https://www.chess.com"]

[Event "Titled Tuesday Blitz February 01 A 2022"]
[White "Salinas Herrera, Pablo"]
[Black "Fayzullaev, Akmal"]
[WhiteFideId "3407128"]
[BlackFideId "14200554"]
[WhiteElo "2541"]
[BlackElo "2228"]
[Result "1-0"]
[Round "09"]
[TimeControl "180+1"]
[Date "2022.02.01"]
[WhiteClock "0:01:09"]
[BlackClock "0:00:03"]

1. d4 Nf6 2. Nf3 g6 3. Nbd2 Bg7 4. e4 d6 5. Bb5+ c6 6. Bd3 O-O 7. O-O Nbd7 8. c3 e5 9. h3 Qe7 10. Re1 Re8 11. a4 a5 12. Nf1 Nf8 13. Ng3 Qc7 14. Be3 Ne6 15. Qd2 Bd7 16. Rad1 Rad8 17. Bh6 Qb6 18. Bxg7 Kxg7 19. dxe5 dxe5 20. Nxe5 Nc5 21. Nc4 Qb3 22. Nxa5 Qxa4 23. Ra1 Nb3 24. Rxa4 Nxd2 25. Rd1 b6 26. Rxd2 bxa5 27. Rxa5 Be6 28. Nf1 Bb3 29. f3 Nd7 30. Be2 Nb6 31. Rxd8 Rxd8 32. Kf2 Nc4 33. Bxc4 Bxc4 34. Ne3 1-0


[Site "https://www.chess.com"]

[Event "Titled Tuesday Blitz February 01 A 2022"]
[White "Sasikiran, Krishnan"]
[Black "Kosteniuk, Alexandra"]
[WhiteFideId "5004985"]
[BlackFideId "4128125"]
[WhiteElo "2572"]
[BlackElo "2469"]
[Result "1-0"]
[Round "09"]
[TimeControl "180+1"]
[Date "2022.02.01"]
[WhiteClock "0:01:25"]
[BlackClock "0:00:22"]

1. e4 c6 2. Nf3 d5 3. d3 dxe4 4. dxe4 Qxd1+ 5. Kxd1 Nf6 6. Nfd2 g5 7. f3 h5 8. h4 g4 9. a4 Nbd7 10. Nc4 Nb6 11. Be3 Nxc4 12. Bxc4 b6 13. Nd2 Bg7 14. c3 Nd7 15. Kc2 Ne5 16. Be2 gxf3 17. gxf3 Ng6 18. f4 Bf6 19. Rag1 e5 20. f5 Nf4 21. Bc4 Ke7 22. Nf3 b5 23. Bf1 Bd7 24. Bxf4 exf4 25. e5 Bxf5+ 26. Bd3 Bg4 27. exf6+ Kxf6 28. Rf1 bxa4 29. Ng5 Rhf8 30. Rxf4+ Kg7 31. Rhf1 f5 32. Ne6+ 1-0


[Site "https://www.chess.com"]

[Event "Titled Tuesday Blitz February 01 A 2022"]
[White "Shirov, Alexei"]
[Black "Terry, Renato"]
[WhiteFideId "2209390"]
[BlackFideId "3803457"]
[WhiteElo "2645"]
[BlackElo "2577"]
[Result "0-1"]
[Round "09"]
[TimeControl "180+1"]
[Date "2022.02.01"]
[WhiteClock "0:00:01"]
[BlackClock "0:00:04"]

1. e4 e6 2. d4 d5 3. e5 c5 4. c3 Qb6 5. Nf3 Bd7 6. a3 Bb5 7. b4 cxd4 8. Bxb5+ Qxb5 9. cxd4 Nd7 10. Nc3 Qc6 11. Na4 Nb6 12. Nxb6 axb6 13. Bd2 Ne7 14. O-O b5 15. Qb1 Nc8 16. Rc1 Qd7 17. a4 bxa4 18. b5 Nb6 19. Bb4 Be7 20. Nd2 O-O 21. Bc5 Ra5 22. Bxe7 Qxe7 23. Rc5 Rfa8 24. Ra3 Nd7 25. Rcc3 Qd8 26. Qb4 Qf8 27. Qb1 Qd8 28. Qb4 Nf8 29. b6 R5a6 30. Rc7 Nd7 31. Rxb7 Rxb6 32. Rxb6 Nxb6 33. h3 h6 34. Kh2 Qc7 35. Rg3 Qd8 36. Nb1 Nc4 37. Na3 Qf8 38. Qb7 Nxa3 39. Rxa3 Rb8 40. Qc7 Qxa3 41. Qxb8+ Qf8 42. Qa7 a3 43. Qa5 Qe7 44. f4 h5 45. Kg3 g6 46. Kf3 h4 47. Kg4 Kh7 48. Qa6 Kh6 49. Qa8 Kg7 50. Qa5 f5+ 51. Kf3 Kh7 52. Qa6 Kh6 53. Qa8 Kg7 54. Qa6 Kf7 55. Qa5 g5 56. fxg5 Qxg5 57. Qc7+ Kg6 58. Qd7 Qg3+ 59. Ke2 Qxg2+ 60. Ke1 Qe4+ 61. Kf1 a2 62. Qxe6+ Kg5 63. Qf6+ Kf4 0-1


[Site "https://www.chess.com"]

[Event "Titled Tuesday Blitz February 01 A 2022"]
[White "Svane, Rasmus"]
[Black "Arjun Kalyan"]
[WhiteFideId "4657101"]
[BlackFideId "35018701"]
[WhiteElo "2645"]
[BlackElo "2321"]
[Result "1-0"]
[Round "09"]
[TimeControl "180+1"]
[Date "2022.02.01"]
[WhiteClock "0:00:09"]
[BlackClock "0:00:01"]

1. d4 d5 2. Nf3 Nf6 3. c4 e6 4. g3 Bb4+ 5. Bd2 Be7 6. Bg2 O-O 7. O-O Nbd7 8. Qc2 c6 9. Bf4 b6 10. cxd5 cxd5 11. Bc7 Qe8 12. Rc1 Bb7 13. Qb3 Rc8 14. Na3 Ne4 15. Nb5 Ndc5 16. dxc5 bxc5 17. Bf4 c4 18. Qa4 Bc6 19. Nfd4 Bc5 20. Nxc6 Nxf2 21. Nd6 Qxc6 22. Qxc6 Rxc6 23. Kf1 Ng4 24. Nxc4 Nxh2+ 25. Ke1 Rfc8 26. Ne5 Bb4+ 27. Kd1 Rxc1+ 28. Rxc1 Rxc1+ 29. Kxc1 f6 30. Nc6 Bc5 31. Nd8 e5 32. Bxd5+ Kf8 33. Bd2 Ke7 34. Ne6 Bd6 35. Nxg7 Ng4 36. Nf5+ Kd7 37. e4 h5 38. Kd1 Bc5 39. Ke2 Bf2 40. b4 Kc7 41. a4 Kb6 42. Bc4 Bg1 43. Be1 Kc7 44. a5 Bd4 45. b5 Ne3 46. Nxe3 1-0


[Site "https://www.chess.com"]

[Event "Titled Tuesday Blitz February 01 A 2022"]
[White "Urazayev, Arystanbek"]
[Black "Madaminov, Mukhiddin"]
[WhiteFideId "13709810"]
[BlackFideId "14210703"]
[WhiteElo "2321"]
[BlackElo "1916"]
[Result "1-0"]
[Round "09"]
[TimeControl "180+1"]
[Date "2022.02.01"]
[WhiteClock "0:00:25"]
[BlackClock "0:00:05"]

1. e4 e6 2. d4 d5 3. e5 c5 4. c3 Nc6 5. Nf3 Qb6 6. Bd3 cxd4 7. O-O Bd7 8. Re1 Nge7 9. a3 Rc8 10. h4 h5 11. Ng5 Nf5 12. Bxf5 exf5 13. e6 Bxe6 14. Qf3 Kd7 15. Nxf7 Be7 16. Nxh8 Rxh8 17. b4 Bxh4 18. Bb2 Bf6 19. Nd2 Ne5 20. Qe2 d3 21. Qf1 Nc4 22. Nb3 Nxb2 23. Nc5+ Qxc5 24. bxc5 Bxc3 25. Reb1 d4 26. Rxb2 Bxb2 27. Rb1 Bc3 28. Qxd3 Kc7 29. Qg3+ Kc6 30. Qd6# 1-0


[Site "https://www.chess.com"]

[Event "Titled Tuesday Blitz February 01 A 2022"]
[White "Vantika, Agrawal"]
[Black "Leiva, Gianmarco"]
[WhiteFideId "25050389"]
[BlackFideId "3804399"]
[WhiteElo "2075"]
[BlackElo "2328"]
[Result "1-0"]
[Round "09"]
[TimeControl "180+1"]
[Date "2022.02.01"]
[WhiteClock "0:00:03"]
[BlackClock "0:00:01"]

1. d4 Nf6 2. c4 e6 3. Nf3 d5 4. g3 Be7 5. Bg2 O-O 6. O-O c6 7. Qc2 b6 8. b3 Nbd7 9. Rd1 Ba6 10. Nbd2 Rc8 11. e4 c5 12. exd5 exd5 13. Bb2 b5 14. b4 cxb4 15. c5 Bb7 16. Nf1 Ne4 17. Ne3 Bf6 18. Qb3 a5 19. Nxd5 Bxd5 20. Qxd5 Ndxc5 21. Qf5 Nd6 22. Qg4 Na4 23. Bc1 Re8 24. Bf4 Nc3 25. Re1 Nc4 26. Ne5 Qxd4 27. Nc6 Qc5 28. Qd7 Rf8 29. Rac1 Nxa2 30. Rcd1 Nc3 31. Rd6 Nxd6 32. Bxd6 Qc4 33. Bxf8 Rxf8 34. Nxa5 Qc5 35. Nb3 Qc4 36. Na5 Qd4 37. Qc7 Qc4 38. Nxc4 bxc4 39. Qxc4 Rb8 40. Qb3 h6 41. h4 g5 42. hxg5 hxg5 43. Bd5 Kg7 44. Bxf7 Rb7 45. Be8 Ra7 46. Bd7 Rxd7 47. Qxb4 Nd5 48. Qb5 Rd8 49. Kg2 1-0


[Site "https://www.chess.com"]

[Event "Titled Tuesday Blitz February 01 A 2022"]
[White "Vasquez Schroeder, Rodrigo"]
[Black "Hansen, Eric"]
[WhiteFideId "3400042"]
[BlackFideId "2606771"]
[WhiteElo "2568"]
[BlackElo "2568"]
[Result "1/2-1/2"]
[Round "09"]
[TimeControl "180+1"]
[Date "2022.02.01"]
[WhiteClock "0:02:03"]
[BlackClock "0:00:45"]

1. e4 e5 2. Nf3 Nc6 3. Bc4 Bc5 4. c3 Nf6 5. d3 O-O 6. O-O a6 7. Re1 d6 8. h3 h6 9. b4 Ba7 10. Nbd2 Ne7 11. Nf1 Ng6 12. Ng3 c6 13. Bb3 Re8 14. d4 a5 15. Be3 axb4 16. dxe5 dxe5 17. Qxd8 Rxd8 18. Bxa7 Rxa7 19. cxb4 Kf8 20. Red1 Re8 21. a4 Nf4 22. Rd2 g6 23. a5 Nh7 24. h4 Nf6 25. Rc1 Bg4 26. Ne1 Raa8 27. f3 Be6 28. Bxe6 Rxe6 29. Nf1 Re7 30. Ne3 Rd7 31. Rcd1 Rad8 32. Rxd7 Rxd7 33. Rxd7 Nxd7 1/2-1/2


[Site "https://www.chess.com"]

[Event "Titled Tuesday Blitz February 01 A 2022"]
[White "Weetik, Vjacheslav"]
[Black "Bacrot, Etienne"]
[WhiteFideId "4153472"]
[BlackFideId "605506"]
[WhiteElo "2469"]
[BlackElo "2673"]
[Result "0-1"]
[Round "09"]
[TimeControl "180+1"]
[Date "2022.02.01"]
[WhiteClock "0:00:19"]
[BlackClock "0:01:27"]

1. e4 c5 2. Nf3 Nc6 3. Bb5 g6 4. Bxc6 bxc6 5. O-O Bg7 6. Re1 e5 7. c3 Ne7 8. d4 cxd4 9. cxd4 exd4 10. Nxd4 O-O 11. Nc3 Bb7 12. Bg5 h6 13. Be3 d5 14. Qd2 c5 15. Nb3 d4 16. Nxc5 dxe3 17. Qxe3 Bc6 18. Rad1 Qb6 19. e5 Nf5 0-1


[Site "https://www.chess.com"]

[Event "Titled Tuesday Blitz February 01 A 2022"]
[White "Wong, Yinn Long"]
[Black "Shyaamnikhil P"]
[WhiteFideId "5707684"]
[BlackFideId "5024218"]
[WhiteElo "2055"]
[BlackElo "2292"]
[Result "1-0"]
[Round "09"]
[TimeControl "180+1"]
[Date "2022.02.01"]
[WhiteClock "0:01:00"]
[BlackClock "0:01:53"]

1. e4 e5 2. Nf3 d6 3. d4 exd4 4. Nxd4 Nf6 5. Nc3 Be7 6. Bf4 O-O 7. Qd2 Nc6 8. O-O-O Bd7 9. f3 Nxd4 10. Qxd4 Nh5 11. Be3 Bg5 12. g4 Nf4 13. Qd2 Ne6 14. f4 Bh4 15. Bc4 Bc6 16. g5 Nc5 17. Bxc5 dxc5 18. Qe3 Qc8 19. f5 h6 20. gxh6 Bf6 21. hxg7 Re8 22. Qh6 1-0


[Site "https://www.chess.com"]

[Event "Titled Tuesday Blitz February 01 A 2022"]
[White "Yeletsky, Ivan"]
[Black "Starozhilov, Leonid"]
[WhiteFideId "24180327"]
[BlackFideId "14106752"]
[WhiteElo "2348"]
[BlackElo "2414"]
[Result "1-0"]
[Round "09"]
[TimeControl "180+1"]
[Date "2022.02.01"]
[WhiteClock "0:00:48"]
[BlackClock "0:00:11"]

1. e4 c5 2. Nf3 e6 3. d4 cxd4 4. Nxd4 a6 5. a3 Nc6 6. Nc3 Qc7 7. Be3 Nf6 8. f4 d6 9. Qf3 Bd7 10. O-O-O Rc8 11. g4 Nxd4 12. Rxd4 Bc6 13. g5 Nd7 14. Bc4 b5 15. Ba2 Be7 16. h4 Nc5 17. f5 exf5 18. Qxf5 O-O 19. g6 hxg6 20. Qxg6 d5 21. Qg4 Nxe4 22. Rxe4 dxe4 23. Bd4 1-0


[Site "https://www.chess.com"]

[Event "Titled Tuesday Blitz February 01 A 2022"]
[White "Alonso Rosell, Alvar"]
[Black "Aravindh, Chithambaram VR."]
[WhiteFideId "2270544"]
[BlackFideId "5072786"]
[WhiteElo "2518"]
[BlackElo "2561"]
[Result "0-1"]
[Round "10"]
[TimeControl "180+1"]
[Date "2022.02.01"]
[WhiteClock "0:00:01"]
[BlackClock "0:00:01"]

1. d4 f5 2. g3 Nf6 3. Bg2 e6 4. Nd2 d5 5. c4 c6 6. Nh3 Bd6 7. O-O O-O 8. Qc2 Qe7 9. Nf4 Nbd7 10. Nd3 b6 11. b3 Bb7 12. Nf3 c5 13. dxc5 bxc5 14. cxd5 exd5 15. Bf4 Ne4 16. Bxd6 Qxd6 17. Rfd1 d4 18. b4 cxb4 19. Qb3+ Kh8 20. Qxb4 Qxb4 21. Nxb4 Nc3 22. Rd2 Nc5 23. Nxd4 Bxg2 24. Kxg2 a5 25. Nbc6 f4 26. Rc1 N5e4 27. Rd3 Nxa2 28. Ra1 fxg3 29. f3 Nc5 30. Ra3 gxh2 31. R3xa2 a4 32. Kxh2 Rae8 33. Kg2 Rf6 34. Rc1 Nb3 35. Nxb3 axb3 36. Rb2 h5 37. Nd4 Rg6+ 38. Kf2 Rd6 39. e3 h4 40. Rxb3 h3 41. Rb5 Rh6 42. Rh1 Ra8 43. Nf5 Ra2+ 44. Kg3 Rg2+ 45. Kf4 Rh5 46. e4 Kh7 47. Rb7 h2 48. Ne3 Rg1 0-1


[Site "https://www.chess.com"]

[Event "Titled Tuesday Blitz February 01 A 2022"]
[White "Atakhan, Abtin"]
[Black "Indjic, Aleksandar"]
[WhiteFideId "22502203"]
[BlackFideId "911925"]
[WhiteElo "2119"]
[BlackElo "2616"]
[Result "0-1"]
[Round "10"]
[TimeControl "180+1"]
[Date "2022.02.01"]
[WhiteClock "0:00:08"]
[BlackClock "0:01:21"]

1. e4 c6 2. d4 d5 3. exd5 cxd5 4. Nf3 Nc6 5. Bb5 e6 6. Ne5 Bd7 7. Nxd7 Qxd7 8. c3 Bd6 9. O-O f5 10. Re1 Nf6 11. Nd2 a6 12. Bd3 O-O 13. Nf3 Ne4 14. g3 Rae8 15. Ng5 h6 16. Nh3 e5 17. dxe5 Bxe5 18. Nf4 Bxf4 19. Bxf4 g5 20. Be3 f4 21. Bxe4 Rxe4 22. Bd4 Qf5 23. Rxe4 dxe4 24. Qb3+ Rf7 25. Qc2 f3 26. Kh1 Rd7 27. Re1 Nxd4 28. cxd4 Rxd4 29. Qc7 Rd7 30. Qc4+ Kg7 31. Qc3+ Kh7 32. Qe3 Kg6 33. Kg1 Kh5 34. Kh1 Qh3 35. g4+ Kh4 36. Rg1 Rd1 0-1


[Site "https://www.chess.com"]

[Event "Titled Tuesday Blitz February 01 A 2022"]
[White "Bellissimo, Joseph F."]
[Black "Urazayev, Arystanbek"]
[WhiteFideId "2609843"]
[BlackFideId "13709810"]
[WhiteElo "2061"]
[BlackElo "2321"]
[Result "0-1"]
[Round "10"]
[TimeControl "180+1"]
[Date "2022.02.01"]
[WhiteClock "0:00:21"]
[BlackClock "0:00:56"]

1. e4 c5 2. Nf3 e6 3. c3 d5 4. e5 Nc6 5. d4 Bd7 6. a3 f6 7. Bd3 fxe5 8. dxe5 Qc7 9. O-O Nxe5 10. Bf4 Nxf3+ 11. Qxf3 Bd6 12. Qh5+ Kf8 13. Bg5 Nf6 14. Qh4 Kf7 15. f4 c4 16. Bc2 Qb6+ 17. Kh1 Qxb2 18. f5 e5 19. Bd1 Qxa1 20. Bh5+ Ke7 21. Qg3 Kd8 22. Nd2 Qxa3 23. Rb1 Kc7 24. Bf3 Bc6 25. Bxf6 gxf6 26. Qg7+ Be7 27. Qf7 Qd6 28. Rd1 Raf8 29. Qh5 Qc5 30. Qh6 Kb8 31. Rb1 Bd6 32. Qg7 Bc7 33. Qh6 Qd6 34. Qe3 e4 35. Be2 Qxh2# 0-1


[Site "https://www.chess.com"]

[Event "Titled Tuesday Blitz February 01 A 2022"]
[White "Bortnyk, Olexandr"]
[Black "Daneshvar, Bardiya"]
[WhiteFideId "14120828"]
[BlackFideId "12576468"]
[WhiteElo "2723"]
[BlackElo "2295"]
[Result "1-0"]
[Round "10"]
[TimeControl "180+1"]
[Date "2022.02.01"]
[WhiteClock "0:00:07"]
[BlackClock "0:00:01"]

1. e4 c6 2. c4 d5 3. cxd5 cxd5 4. exd5 Nf6 5. Qa4+ Nbd7 6. Nc3 g6 7. Nf3 Bg7 8. Bc4 O-O 9. d3 a6 10. Qa3 Rb8 11. Bf4 Ra8 12. O-O Nh5 13. Bg5 Bf6 14. Bh6 Bg7 15. Bxg7 Nxg7 16. Rfe1 Nf5 17. Ne4 Nb6 18. Qb3 Nd6 19. Re3 Bf5 20. Nxd6 Qxd6 21. Rae1 Rfe8 22. Nd4 Bd7 23. Nf3 Na4 24. Qa3 b5 25. Bb3 b4 26. Qxa4 Bxa4 27. Bxa4 Qxd5 28. Bb3 Qd6 29. h4 Kg7 30. Ng5 e6 31. Rf3 Ra7 32. Ne4 Qd4 33. h5 Qxb2 34. Rh3 Qe5 35. h6+ Kh8 36. Rf3 f5 37. d4 Qxd4 38. Ng5 Qf6 39. Rg3 e5 40. Rd1 Rd8 41. Rc1 Rad7 42. Ne6 Re8 43. Re3 f4 44. Ree1 g5 45. Nc7 Red8 46. Ne6 Re8 47. Nc7 Rf8 48. Ne6 Qxh6 49. Nxf8 Qxf8 50. Rxe5 h6 51. Re6 Rd6 52. Re5 f3 53. g3 Qd8 54. Rce1 Kg7 55. Re7+ Kf6 56. Re8 Qc7 57. Rf8+ Kg6 58. Rxf3 Rf6 59. Rfe3 Qc5 60. R1e2 g4 61. Bc2+ Kf7 62. Bb3+ Kf8 63. Re8+ Kg7 64. Rg8+ Kh7 65. Rxg4 Qc1+ 66. Kh2 Qc7 67. Rge4 Kg6 68. Bc2 Kf7 69. Bb3+ Kg6 70. Re7 Qc5 71. Bc2+ Kh5 72. R7e5+ 1-0


[Site "https://www.chess.com"]

[Event "Titled Tuesday Blitz February 01 A 2022"]
[White "Bryakin, Mikhail"]
[Black "Ostrovskiy, Andrey"]
[WhiteFideId "4165314"]
[BlackFideId "14110326"]
[WhiteElo "2421"]
[BlackElo "2469"]
[Result "0-1"]
[Round "10"]
[TimeControl "180+1"]
[Date "2022.02.01"]
[WhiteClock "0:02:16"]
[BlackClock "0:01:06"]

1. d4 Nf6 2. Nd2 d5 3. g3 e6 4. Bg2 Be7 5. e4 O-O 6. Ne2 c5 7. exd5 exd5 8. dxc5 Bxc5 9. O-O Nc6 10. Nb3 Bb6 11. Bg5 h6 12. Bxf6 Qxf6 13. c3 Bg4 14. Qd2 Rfe8 15. Ned4 Nxd4 16. Nxd4 Bxd4 17. Qxd4 Qxd4 18. cxd4 Re2 19. b3 b6 20. h3 Be6 21. Rfe1 Rd2 22. Red1 Rxd1+ 23. Rxd1 Rc8 24. Rd2 Rc1+ 25. Kh2 Kf8 26. h4 Ke7 27. Bf3 Kd6 28. h5 Bf5 29. g4 Be4 30. Kg3 Rc3 0-1


[Site "https://www.chess.com"]

[Event "Titled Tuesday Blitz February 01 A 2022"]
[White "Deac, Bogdan-Daniel"]
[Black "Vasquez Schroeder, Rodrigo"]
[WhiteFideId "1226380"]
[BlackFideId "3400042"]
[WhiteElo "2646"]
[BlackElo "2568"]
[Result "1-0"]
[Round "10"]
[TimeControl "180+1"]
[Date "2022.02.01"]
[WhiteClock "0:00:11"]
[BlackClock "0:01:27"]

1. e4 e6 2. Qe2 c5 3. Nf3 Be7 4. g3 d5 5. d3 Nc6 6. Bg2 h5 7. h3 Nf6 8. O-O b6 9. e5 Nd7 10. c4 dxc4 11. dxc4 Bb7 12. Nc3 a6 13. Rd1 Qc8 14. Bf4 O-O 15. Ne4 Qc7 16. Nf6+ gxf6 17. exf6 e5 18. fxe7 Rfe8 19. Bg5 f6 20. Nh4 fxg5 21. Qxh5 Rxe7 22. Bd5+ Kg7 23. Qg6+ Kh8 24. Qh6+ Rh7 25. Ng6# 1-0


[Site "https://www.chess.com"]

[Event "Titled Tuesday Blitz February 01 A 2022"]
[White "Demchenko, Anton"]
[Black "Sliwicki, Damian"]
[WhiteFideId "4160258"]
[BlackFideId "1127128"]
[WhiteElo "2539"]
[BlackElo "2084"]
[Result "1-0"]
[Round "10"]
[TimeControl "180+1"]
[Date "2022.02.01"]
[WhiteClock "0:00:44"]
[BlackClock "0:00:01"]

1. a3 e5 2. g3 d5 3. d3 Bd6 4. Bg2 c6 5. Nc3 f5 6. e4 d4 7. Nce2 fxe4 8. Bxe4 Nf6 9. Bg5 Qa5+ 10. b4 Qc7 11. Bxf6 gxf6 12. Bg2 Be6 13. Nf3 Nd7 14. Nh4 O-O-O 15. O-O Nf8 16. c4 Ng6 17. Nf3 h6 18. Nd2 h5 19. b5 h4 20. bxc6 hxg3 21. fxg3 b6 22. Rxf6 Qh7 23. Nf1 Bg4 24. Be4 Rdf8 25. Bxg6 Qh3 26. Rxf8+ Rxf8 27. Be4 Be7 28. Qd2 Bf3 29. Nf4 1-0


[Site "https://www.chess.com"]

[Event "Titled Tuesday Blitz February 01 A 2022"]
[White "Domingo Nunez, Alejandro"]
[Black "Gelman, Alexander"]
[WhiteFideId "22245561"]
[BlackFideId "4118316"]
[WhiteElo "2215"]
[BlackElo "2375"]
[Result "1-0"]
[Round "10"]
[TimeControl "180+1"]
[Date "2022.02.01"]
[WhiteClock "0:00:05"]
[BlackClock "0:00:05"]

1. c4 c5 2. Nc3 Nf6 3. Nf3 e6 4. e3 d6 5. Be2 Nbd7 6. O-O b6 7. d4 Bb7 8. a3 a6 9. b4 Be7 10. Rb1 Qc7 11. Bd2 O-O 12. Qc2 Rac8 13. Rfc1 cxd4 14. exd4 Bxf3 15. Bxf3 Qxc4 16. Be2 Qxd4 17. Bxa6 Rc7 18. Be3 Qh4 19. Qe2 Ng4 20. Bf4 Ra8 21. h3 Nxf2 22. Be3 Nxh3+ 23. gxh3 Qg3+ 24. Kf1 Qxh3+ 25. Ke1 Rxa6 26. Qxa6 Qxe3+ 27. Ne2 Rxc1+ 28. Rxc1 Bg5 29. Rc2 h5 30. Qc8+ Nf8 31. Qc3 Qe4 32. Kf2 Bh4+ 33. Ng3 Ng6 34. Re2 Qf4+ 35. Kg2 Ne5 36. Qe3 Qg4 37. Rf2 f5 38. Rf4 Qg5 39. Kh3 Ng6 40. Qxe6+ Kh7 41. Rf3 Qg4+ 42. Kh2 f4 43. Qxg4 hxg4 44. Rd3 Bxg3+ 45. Kg1 f3 46. Rb3 Be5 47. a4 Nh4 48. a5 bxa5 49. bxa5 g3 50. Rb4 f2+ 51. Kf1 g5 52. a6 Bf4 53. Rxf4 g4 54. a7 Nf3 55. Rxf3 gxf3 56. a8=Q g2+ 57. Kxf2 1-0


[Site "https://www.chess.com"]

[Event "Titled Tuesday Blitz February 01 A 2022"]
[White "Garriga Cazorla, Pere"]
[Black "Orozbaev, Eldiar"]
[WhiteFideId "32011601"]
[BlackFideId "13802240"]
[WhiteElo "2458"]
[BlackElo "2050"]
[Result "1/2-1/2"]
[Round "10"]
[TimeControl "180+1"]
[Date "2022.02.01"]
[WhiteClock "0:00:08"]
[BlackClock "0:00:15"]

1. d4 Nf6 2. c4 c6 3. Nf3 d5 4. Nc3 Bf5 5. cxd5 cxd5 6. Qb3 Nc6 7. Bf4 Na5 8. Qa4+ Bd7 9. Qc2 e6 10. e3 Be7 11. Bd3 Nc6 12. a3 Nh5 13. Be5 f6 14. Bg3 Nxg3 15. hxg3 f5 16. g4 fxg4 17. Bxh7 Bf6 18. Qg6+ Kf8 19. Qxg4 e5 20. Qh5 exd4 21. Nxd5 Be8 22. Qf5 Qa5+ 23. Kf1 dxe3 24. Ng5 e2+ 25. Kg1 e1=Q+ 26. Rxe1 Qxe1+ 27. Kh2 Qe5+ 28. Qxe5 Bxe5+ 29. f4 Bf6 30. Ne6+ Kf7 31. Kg3 Bd7 32. f5 Nd4 33. Bg6+ Kg8 34. Nxf6+ gxf6 35. Rxh8+ Kxh8 36. Nxd4 Rc8 37. Kf4 Rc1 38. g4 Kg7 39. Bh5 Rd1 40. Ke3 Rb1 41. b4 Ra1 42. Kf4 Rxa3 43. g5 Ra4 44. Ne6+ Bxe6 45. fxe6 Rxb4+ 46. Kf3 Rb3+ 47. Kf2 Rb2+ 48. Kf3 Rb3+ 49. Kf2 Rb2+ 50. Kf3 Rb6 51. e7 Re6 52. gxf6+ Rxf6+ 53. Kg4 Re6 54. e8=Q Rxe8 55. Bxe8 Kf6 56. Kf4 Ke6 57. Ke4 Kd6 58. Kd4 Ke7 59. Bg6 Kd6 60. Be4 b6 61. Bd3 a5 62. Kc4 Kc6 63. Be4+ Kd6 64. Kb5 Ke5 65. Bc2 Kd4 66. Kxb6 Kc3 67. Kxa5 1/2-1/2


[Site "https://www.chess.com"]

[Event "Titled Tuesday Blitz February 01 A 2022"]
[White "Goryachkina, Aleksandra"]
[Black "Yeletsky, Ivan"]
[WhiteFideId "4147103"]
[BlackFideId "24180327"]
[WhiteElo "2426"]
[BlackElo "2348"]
[Result "1/2-1/2"]
[Round "10"]
[TimeControl "180+1"]
[Date "2022.02.01"]
[WhiteClock "0:00:07"]
[BlackClock "0:00:36"]

1. e4 e5 2. Nf3 Nc6 3. d4 exd4 4. Nxd4 Nf6 5. Nxc6 bxc6 6. Nc3 Bb4 7. Bd3 d5 8. exd5 O-O 9. O-O cxd5 10. h3 Be6 11. Qf3 Rb8 12. Bg5 Be7 13. b3 h6 14. Bf4 Bd6 15. Rad1 Rb4 16. Ne2 Bxf4 17. Nxf4 Qd6 18. c4 d4 19. Rfe1 c5 20. Nh5 Nxh5 21. Qxh5 Rb7 22. Re5 Rc7 23. Rde1 a5 24. Qe2 Re8 25. f4 Rcc8 26. Qe4 g6 27. f5 gxf5 28. Qf3 Bd7 29. Rxe8+ Rxe8 30. Rxe8+ Bxe8 31. Qxf5 Bd7 32. Qe4 Kg7 33. Qf3 Qe5 34. Be4 a4 35. bxa4 Bxa4 36. Qg4+ Qg5 37. Qxg5+ hxg5 38. Kf2 Kf6 39. Kf3 Ke5 40. Bd3 Bd1+ 41. Kf2 f5 42. g3 f4 43. a3 Bb3 44. Kf3 Bd1+ 45. Kf2 Ba4 46. Kf3 Bd1+ 47. Kf2 1/2-1/2


[Site "https://www.chess.com"]

[Event "Titled Tuesday Blitz February 01 A 2022"]
[White "Hansen, Eric"]
[Black "Paravyan, David"]
[WhiteFideId "2606771"]
[BlackFideId "4194985"]
[WhiteElo "2568"]
[BlackElo "2569"]
[Result "1-0"]
[Round "10"]
[TimeControl "180+1"]
[Date "2022.02.01"]
[WhiteClock "0:00:07"]
[BlackClock "0:00:10"]

1. e4 e5 2. Nf3 Nf6 3. Nxe5 d6 4. Nf3 Nxe4 5. Nc3 Nxc3 6. dxc3 Be7 7. Be3 O-O 8. Qd2 Nd7 9. O-O-O Nf6 10. Bd3 Re8 11. Rde1 c5 12. Bg5 Be6 13. Kb1 c4 14. Bf1 d5 15. Qf4 Qb6 16. Qh4 Ba3 17. Bc1 Ne4 18. Rxe4 dxe4 19. Ng5 h6 20. Nxe6 Rxe6 21. Bxc4 Rf6 22. Qxe4 Rxf2 23. Bb3 Bc5 24. g4 Rd8 25. g5 Qc6 26. Qxc6 bxc6 27. g6 Bd6 28. Be3 Rf3 29. Bxa7 Bxh2 30. a4 Bc7 31. Re1 Kf8 32. gxf7 Rf5 33. Re6 Bd6 34. Rg6 c5 35. Bb6 Rd7 36. Be6 Rf1+ 37. Ka2 Rb7 38. a5 Rb8 39. Bd5 Rf6 40. Rg4 h5 41. Rg5 g6 42. Kb3 h4 43. Kc4 h3 44. Rg1 h2 45. Rh1 g5 46. b4 cxb4 47. cxb4 g4 48. c3 g3 49. Bd4 Rf5 50. Bg2 Rc8+ 51. Kd3 Rd8 52. a6 Bb8 53. Kc4 Rxf7 54. b5 Re7 55. b6 Re2 56. Bb7 g2 57. Bxg2 Rxg2 58. a7 Bxa7 59. bxa7 Re2 60. Kb5 Ke7 61. Rf1 Rg2 62. Bf6+ Kd7 63. Bxd8 Rg1 64. Rf7+ Ke6 65. Re7+ Kd6 66. a8=Q h1=Q 67. Qxh1 Rxh1 68. Re3 Rd1 69. Kc4 Kc6 70. Bf6 Rf1 71. Bd4 Rh1 72. Re6+ Kd7 73. Rf6 Ra1 74. Kd5 Rd1 75. c4 Ke7 76. Rg6 Kf7 77. Rg7+ Ke8 78. c5 Kf8 79. Rh7 1-0


[Site "https://www.chess.com"]